 Dungeon Crawl Stone Soup version 0.26-a0-753-g4680b4fa2e (webtiles) character file.

Game seed: 6652829130961523855

907 Queen the Carver (level 7, -3/57 HPs)
             Began as a Minotaur Gladiator on Nov 7, 2020.
             Was a Believer of Okawaru.
             Slain by a lemure (7 damage)
             ... led by Pikel
             ... on level 5 of the Dungeon.
             The game lasted 00:12:34 (3739 turns).

Queen the Carver (Minotaur Gladiator)               Turns: 3739, Time: 00:12:35

Health: -3/57      AC:  3    Str: 26    XL:     7   Next: 81%
Magic:  4/6        EV: 15    Int:  7    God:    Okawaru [**....]
Gold:   204        SH:  0    Dex: 10    Spells: 6/6 levels left

rFire    . . .     SeeInvis .   a - -1 demon blade
rCold    . . .     Faith    .   (no shield)
rNeg     . . .     Spirit   .   b - +0 leather armour (curse)
rPois    .         Reflect  .   c - +0 hat
rElec    .         Harm     .   (no cloak)
rCorr    .         Rampage  .   (no gloves)
MR       .....     Rnd*Rage +   (no boots)
Stlth    ++........             q - amulet of the acrobat
HPRegen  0.19/turn              e - +6 ring of strength
MPRegen  0.10/turn              (no ring)

@: heroism, lightly drained
A: retaliatory headbutt, horns 2, berserk 1, clever 1, clumsy 1, frail 1
a: Heroism, Renounce Religion


You were on level 5 of the Dungeon.
You worshipped Okawaru.
Okawaru was pleased with you.
You visited 1 branch of the dungeon, and saw 5 of its levels.

You collected 334 gold pieces.
You spent 130 gold pieces at shops.

Inventory:

Hand Weapons
 a - a -1 demon blade (weapon)
Missiles
 d - 3 throwing nets (quivered)
Armour
 b - a cursed +0 leather armour (worn)
 c - a +0 hat (worn)
 g - a +0 chain mail
 i - the cursed +1 robe of Disappointment {+Fly rF++, unknown}
   (You found it on level 4 of the Dungeon)

   It greatly protects you from fire.
   It lets you fly.
   It has a curse placed upon it.
 j - a +0 scale mail
Jewellery
 e - a +6 ring of strength (left hand)
 q - an amulet of the acrobat (around neck)
Scrolls
 h - 2 scrolls of teleportation
 m - a scroll of amnesia
 o - a scroll of magic mapping
 t - a scroll of enchant armour
Potions
 k - 2 potions of berserk rage
 s - 2 potions of curing {unknown}


   Skills:
 + Level 6.4(11.2) Fighting
 * Level 9.2(14.1) Long Blades
 - Level 2.0(6.8) Throwing
 - Level 0.5(5.3) Armour
 - Level 4.0(8.8) Dodging


You had 6 spell levels left.
You didn't know any spells.
Your spell library contained the following spells:

 Spells                   Type           Power        Failure   Level
 Freeze                   Ice            #...         45%         1
 Summon Small Mammal      Summ           #...         45%         1
 Call Imp                 Summ           #.......     61%         2
 Call Canine Familiar     Summ           #.......     83%         3
 Frozen Ramparts          Ice            #.....       83%         3
 Ozocubu's Armour         Ice            #.......     83%         3
 Summon Guardian Golem    Hex/Summ       #.......     83%         3
 Hailstorm                Conj/Ice       #.......     99%         4
 Summon Ice Beast         Ice/Summ       #.......     99%         4
 Summon Lightning Spire   Summ/Air       #.......     99%         4


Dungeon Overview and Level Annotations

Branches:
Dungeon (5/15)             Temple (0/1) D:5

Altars:
Cheibriados
Hepliaklqana
Okawaru
Sif Muna

Shops:
D:4 *

Annotations:
D:2 2 transporters
D:5 Blork the orc, Pikel


Innate Abilities, Weirdness & Mutations

You reflexively headbutt those who attack you in melee.
You have a pair of horns on your head.
You tend to lose your temper in combat.
Your mind is acute. (Int +2)
You are clumsy. (Dex -2)
You are frail. (-10% HP)


Message History

Pikel hits you with a +0 whip of electrocution.
* * * LOW HITPOINT WARNING * * *
You barely miss Pikel.
Pikel is heavily wounded.
You hit Pikel but do no damage. You headbutt Pikel!
Pikel is almost dead.
Pikel barely misses you.
You hit Pikel but do no damage.
Pikel is almost dead.
You miss Pikel.
Pikel is almost dead.
The lemure hits you.
* * * LOW HITPOINT WARNING * * *
Pikel barely misses you.
You barely miss Pikel.
Pikel is almost dead.
Pikel hits you with a +0 whip of electrocution!
* * * LOW HITPOINT WARNING * * *
The lemure hits you!
You die...

## ##### .
...#. # #.
#... .. #.
#..## .#.
#..#...#....
#..#..#...#.
#...<.....[.
#..#@5....#.#
#. ....
#K..#..... #.
#.##
.......... #.
# ##...#5#...
#.
##.#...#..##
#. .......r.#
#. ...#.#...#
#. ..#
#.#..######.
#.#...o....


You could see Pikel and 2 lemures.

Vanquished Creatures
  2 phantoms (D:4)
  2 ogres (D:4)
  A big kobold (D:4)
  A scorpion (D:4)
  2 hounds
  A centaur skeleton (D:4)
  2 orc wizards (D:4)
  A gnoll shaman (D:4)
  Jessica (D:3)
  An iguana (D:4)
  A worker ant (D:4)
  A mummy (D:4)
  4 gnolls (D:4)
  4 adders
  An ooze (D:1)
  An adder skeleton (D:4)
  A worm (D:2)
  2 dart slugs
  2 leopard geckos
  4 orcs
  A ball python (D:1)
  10 bats
  3 giant cockroaches
  10 hobgoblins
  2 jackals (D:2)
  29 kobolds
  3 quokkas
  4 frilled lizards (D:1)
  7 goblins
  5 rats
109 creatures vanquished.

Vanquished Creatures (others)
  29 plants (D:4)
29 creatures vanquished.

Grand Total: 138 creatures vanquished

Notes
Turn   | Place    | Note
-------+----------+-------------------------------------------
     0 | D:1      | Queen the Minotaur Gladiator began the quest for the Orb.
     0 | D:1      | Reached XP level 1. HP: 18/18 MP: 0/0
   134 | D:1      | Reached XP level 2. HP: 19/25 MP: 1/1
   141 | D:1      | Reached skill level 4 in Long Blades
   355 | D:1      | Reached XP level 3. HP: 25/30 MP: 2/2
   754 | D:2      | Found a hazy altar of Hepliaklqana.
   754 | D:2      | Found a transporter.
   754 | D:2      | Noticed a sky beast
  1093 | D:2      | Found a shimmering blue altar of Sif Muna.
  1150 | D:2      | Found a transporter.
  1414 | D:3      | Reached XP level 4. HP: 35/38 MP: 3/3
  1437 | D:3      | Reached skill level 5 in Long Blades
  1463 | D:3      | Gained mutation: You tend to lose your temper in combat.
                  | [potion of mutation]
  1463 | D:3      | Gained mutation: You are frail. (-10% HP) [potion of
                  | mutation]
  1463 | D:3      | Gained mutation: You are clumsy. (Dex -2) [potion of
                  | mutation]
  1463 | D:3      | Gained mutation: Your mind is acute. (Int +2) [potion of
                  | mutation]
  1503 | D:3      | Found an iron altar of Okawaru.
  1532 | D:3      | Became a worshipper of Warmaster Okawaru
  1699 | D:3      | Noticed Jessica
  1712 | D:3      | Killed Jessica
  1896 | D:4      | Noticed a phantom
  1918 | D:4      | Killed a phantom
  1918 | D:4      | Reached skill level 6 in Long Blades
  1918 | D:4      | Reached XP level 5. HP: 20/41 MP: 4/4
  2146 | D:4      | Noticed an ogre
  2153 | D:4      | Killed an ogre
  2153 | D:4      | Reached * piety under Okawaru
  2153 | D:4      | Reached skill level 7 in Long Blades
  2153 | D:4      | Reached XP level 6. HP: 45/47 MP: 5/5
  2205 | D:4      | Reached skill level 5 in Fighting
  2217 | D:4      | Found a snail-covered altar of Cheibriados.
  2249 | D:4      | Found Xev Vunie's Lightly-Used Armoury.
  2340 | D:4      | Bought a -1 demon blade for 130 gold pieces
  2395 | D:4      | Got a steaming robe
  2403 | D:4      | Reached ** piety under Okawaru
  2403 | D:4      | Reached XP level 7. HP: 34/54 MP: 6/6
  2503 | D:4      | Reached skill level 8 in Long Blades
  2957 | D:4      | Reached skill level 9 in Long Blades
  3661 | D:5      | Entered Level 5 of the Dungeon
  3661 | D:5      | Noticed Pikel
  3661 | D:5      | Noticed Blork the orc
  3698 | D:5      | Found a staircase to the Ecumenical Temple.
  3739 | D:5      | Slain by a lemure

Illustrated notes

Levels and vault maps discovered:
D:1:      co_arrival_random_square_maze, layout_rooms, grunt_decor_arrowhead
D:2:      minmay_chambers_of_twos, layout_rooms,
          gammafunk_temple_overflow_arena, led_sif_pool
D:3:      layout_basic, serial_curves, eino_curves_02, eino_curves_04,
          okawaru_ov_weapons_minmay, uniq_jessica
D:4:      kennysheep_kobold_camp, layout_gridville, minmay_shop_damaged,
          chei_slow_surprise
D:5:      layout_loops_ring, minmay_temple_entry_grid, serial_glass,
          glass_columns_b, glass_columns_c, minmay_strange_pillars,
          feat_on_display, uniq_eustachio, uniq_pikel, uniq_blork_the_orc,
          uniq_prince_ribbit1

Skill      XL: |  1  2  3  4  5  6  7 |
---------------+----------------------+-----
Long Blades    | 4 6 7 9 |  9.2
Fighting       | 3 4 5 6 |  6.4
Dodging        | 4 |  4.0
Throwing       | |  2.0
Armour         | |  0.5

Action                   |  1- 3 |  4- 6 |  7- 9 || total
-------------------------+-------+-------+-------++-------
Melee: Long sword        |    81 |    79 |       ||   160
       Headbutt          |     9 |    11 |    17 ||    37
       Demon blade       |       |    12 |    84 ||    96
Invok: Heroism           |       |       |     1 ||     1
  Use: Potion            |       |     5 |       ||     5
       Scroll            |       |     7 |     2 ||     9
Armor: Leather armour    |    15 |     5 |     5 ||    25
       Scale mail        |    11 |    25 |       ||    36
Dodge: Dodged            |    62 |    50 |    56 ||   168
       Rpst.: Long sword |    14 |    11 |       ||    25
       Demon blade       |       |     1 |    10 ||    11

Table legend: (Time is in decaauts)
 A = Elapsed time spent in this place.
 B = Non-inter-level travel time spent in this place.
 C = Inter-level travel time spent in this place.
 D = Time resting spent in this place.
 E = Time spent auto-exploring this place.
 F = Levels seen in this place.
 G = Mean time per level.
                   A        B        C        D        E       F      G
               +--------+--------+--------+--------+--------+-----+--------+
         Total |   3758 |   3537 |    221 |    784 |   1971 |   5 |  751.6 |
       Dungeon |   3758 |   3537 |    221 |    784 |   1971 |   5 |  751.6 |
               +--------+--------+--------+--------+--------+-----+--------+

Top non-repeatable levels by time:
     D:4: 1801 daAuts
     D:1: 659 daAuts
     D:3: 654 daAuts
     D:2: 604 daAuts
     D:5: 39 daAuts
